 Dungeon Crawl Stone Soup version 0.17-a0-1515-gfae3d72 (webtiles) character file.

42 Gorice the Sneak (level 3, -5/27 HPs)
             Began as a Vampire Wanderer on July 12, 2015.
             Killed from afar by Sigmund (6 damage)
             ... with a magic dart
             ... on level 2 of the Dungeon.
             The game lasted 00:05:06 (935 turns).

Gorice the Sneak (Vampire Wanderer)                  Turns: 935, Time: 00:05:06

Health: -5/27      AC:  5    Str: 14    XL:     3   Next: 33%
Magic:  3/3        EV: 10    Int: 15    God:
Gold:   82         SH:  0    Dex: 10    Spells: 0 memorised, 2 levels left

rFire  . . .     SeeInvis +     a - +2 dagger
rCold  . . .     Clarity  .     d - +0 ring mail
rNeg   + . .     SustAt   .     (no shield)
rPois  .         Gourm    .     (no helmet)
rElec  .         Spirit   .     (no cloak)
rCorr  .         Warding  .     (no gloves)
rMut   .         Stasis   .     (no boots)
MR     .....                    (no amulet)
Stlth  ++........               (no ring)
                                f - ring of loudness (curse)

@: not resistant to hostile enchantments, unstealthy
A: fangs 3, see invisible, unbreathing
a: Bat Form


You were on level 2 of the Dungeon.
You were not thirsty.

You visited 1 branch of the dungeon, and saw 2 of its levels.

You collected 82 gold pieces.

Inventory:

Hand weapons
 a - a +2 dagger (weapon)
 c - a +0 hand axe
Missiles
 Z - 31 stones (quivered)
Armour
 d - a +0 ring mail (worn)
 i - a +0 chain mail
 j - a +0 buckler
Jewellery
 f - a cursed ring of loudness (left hand)
Scrolls
 g - a scroll of noise {!r}
 l - a scroll of identify
 m - a scroll of remove curse {unknown}
Potions
 b - a potion of haste {!q}
 e - 15 potions of blood
 h - a potion of curing
 k - a potion of heal wounds {!q}


   Skills:
 + Level 1.8 Fighting
 * Level 2.6 Short Blades
   Level 2.4 Bows
 - Level 1.5 Armour
 - Level 5.8 Stealth


You had 2 spell levels left.
You didn't know any spells.

Dungeon Overview and Level Annotations

Branches:
Dungeon (2/15)

Altars:
Gozag

Annotations:
D:2 Sigmund


Innate Abilities, Weirdness & Mutations

You have razor-sharp teeth.
You have supernaturally acute eyesight.
You can survive without breathing.


Message History

You now have 64 gold pieces (gained 1).
Found an opulent altar of Gozag.
You now have 65 gold pieces (gained 1).
You now have 66 gold pieces (gained 1).
You now have 67 gold pieces (gained 1).
You now have 68 gold pieces (gained 1).
You now have 69 gold pieces (gained 1).
Found a scroll labeled GORCHI REQAMI.
Z - 31 stones (gained 25)
m - a scroll labeled GORCHI REQAMI Read which item? (? for menu, Esc to quit)
As you read the scroll labeled GORCHI REQAMI, it crumbles to dust.
You feel forgetful for a moment.
It was a scroll of amnesia.
You now have 82 gold pieces (gained 13).
Found a flail.
Sigmund the Dreaded comes into view.
He is wielding a scythe.
Sigmund shouts!
You see here a scroll labeled SIUM VIWIN.
m - a scroll labeled SIUM VIWIN A kobold comes into view.
It is wielding a dagger.
You aren't carrying any items that can be evoked.
Your ring mail prevents you from hitting Sigmund.
You bite Sigmund.
Sigmund is lightly wounded.
Sigmund looks at you with fury. Sigmund casts a spell at you.
You resist with some effort.
You hit Sigmund.
Sigmund is moderately wounded.
Sigmund hits you with a scythe!
Damage: 13 (max 13)
You barely miss Sigmund. You bite Sigmund, but do no damage.
Sigmund is moderately wounded.
Sigmund hits you with a scythe!
* * * LOW HITPOINT WARNING * * *
Damage: 11 (max 13)
You hit Sigmund. You bite Sigmund.
Sigmund is heavily wounded.
You hit Sigmund.
Sigmund is heavily wounded.
Sigmund hits you with a scythe.
* * * LOW HITPOINT WARNING * * *
Damage: 2 (max 13)
You barely miss Sigmund.
Sigmund is heavily wounded.
You hit Sigmund.
Sigmund is severely wounded.
Sigmund points at you and mumbles some strange words.
The magic dart hits you!
You die...

#)... ... #... ... #..
.... #.####### ....
#.##..... #... #.##.##.#
#... #.##.##.# #.#.
#@##.##.# #.#.
#######@##.##.#######.#.
........................
#######.##.#############
#.##.# #.##.# #.##.#
#.##.# ..##.# ..##.#


You could see Sigmund.

Vanquished Creatures
  An ooze (D:1)
  4 giant geckos (D:1)
  2 ball pythons (D:1)
  8 goblins (D:1)
  2 hobgoblins (D:1)
  3 kobolds (D:1)
  4 bats (D:1)
  5 giant cockroaches (D:1)
  6 rats
35 creatures vanquished.

Notes
Turn   | Place    | Note
--------------------------------------------------------------
     0 | D:1      | Gorice the Vampire Wanderer began the quest for the Orb.
     0 | D:1      | Gorice set off with: a +2 dagger, a potion of haste {!q}, a +0 hand axe, a +0 ring mail, a potion of blood
     0 | D:1      | Reached XP level 1. HP: 15/15 MP: 1/1
   114 | D:1      | Reached skill level 1 in Short Blades
   146 | D:1      | Reached XP level 2. HP: 12/21 MP: 2/2
   212 | D:1      | Reached skill level 2 in Short Blades
   266 | D:1      | HP: 6/21 [giant gecko (3)]
   274 | D:1      | HP: 2/21 [kobold/short sword (4)]
   504 | D:1      | HP: 5/21 [giant gecko (2)]
   506 | D:1      | Reached XP level 3. HP: 3/26 MP: 3/3
   872 | D:2      | Found an opulent altar of Gozag.
   920 | D:2      | Noticed Sigmund
   931 | D:2      | HP: 3/27 [Sigmund/scythe (11)]
   933 | D:2      | HP: 1/27 [Sigmund/scythe (2)]
   935 | D:2      | Killed from afar by Sigmund

Vault maps used:
D:1:      sevenhm_arrival_forest_fort_large_1, minmay_tree_intersection,
          minmay_misc_feat_chi
D:2:      cheibriados_altar_1, nicolae_overflow_crystal_walls, first_bread,
          grunt_gozag_breadcrumbs, uniq_sigmund, uniq_robin

Action                   || total
-------------------------++-------
Melee: Dagger            ||   115
  Use: Scroll            ||     6
 Stab: Sleeping          ||     3

Table legend:
 A = Turns spent in this place as a percentage of turns spent in the entire game.
 B = Non-inter-level travel turns spent in this place as a percentage of non-inter-level travel turns spent in the entire game.
 C = Inter-level travel turns spent in this place as a percentage of turns spent in this place.
 D = Turns resting spent in this place as a percentage of non-inter-level travel turns spent in this place.
 E = Turns spent auto-exploring this place as a percentage of non-inter-level travel turns spent in this place.
 F = Non-inter-level travel turns spent in this place divided by the number of levels of this place that you've seen.
                   A       B       C       D       E      F
               +-------+-------+-------+-------+-------+----------------------
         Total | 100.0 | 100.0 |   0.2 |   0.0 |   4.9 | 283.0
       Dungeon | 100.0 | 100.0 |   0.2 |   0.0 |   4.9 | 283.0
               +-------+-------+-------+-------+-------+----------------------

Vault maps used:
D:1:      sevenhm_arrival_forest_fort_large_1, minmay_tree_intersection,
          minmay_misc_feat_chi
D:2:      cheibriados_altar_1, nicolae_overflow_crystal_walls, first_bread,
          grunt_gozag_breadcrumbs, uniq_sigmund, uniq_robin
